Map: Bridgehead LE (Void)

Players

mothernoober

  • Race: Protoss Protoss
  • League: Bronze

SticklerMac - Winner!

  • Race: Terran Terran
  • League: Bronze

VOD

Have the link to the VOD?

Description

Time

  • Played on: July 28, 2015, 2:04 p.m.
  • Length: 8:00
Show
View Real Time Build Order
Export as new Build Order

mothernoober Protoss 

Build Orders:  

Get SALT Encoding   

  12  0:01  Probe  
  13  0:13  Probe  
  14  0:24  Pylon  
  14  0:29  Assimilator  
  14  0:32  Assimilator  
  14  0:42  Probe (Chrono Boost)  
  15  0:49  Gateway  
  15  0:54  Probe (Chrono Boost)  
  16  1:04  Probe (Chrono Boost)  
  17  1:16  Probe (Chrono Boost)  
  18  1:22  Probe (Chrono Boost)  
  18  1:25  Pylon  
  19  1:33  Probe  
  19  1:38  Cybernetics Core  
  20  1:45  Probe (Chrono Boost)  
  21  1:52  Zealot  
  23  1:57  Probe (Chrono Boost)  
  23  2:00  Gateway  
  24  2:05  Probe (Chrono Boost)  
  25  2:19  Gateway  
  25  2:22  Stalker  
  26  2:24  Warp Gate (Chrono Boost)  
  26  2:31  Pylon  
  26  2:41  Gateway  
  26  2:52  Stalker  
  26  2:55  Stalker  
  28  3:15  Gateway  
  28  3:22  Stalker  
  28  3:26  Mothership Core  
  34  3:39  Pylon  
  32  4:02  Pylon  
  32  4:03  Stalker x3  
  32  4:04  Stalker  
  34  4:28  Stalker x2  
  34  4:29  Stalker  
  38  4:35  Stalker  
  40  4:55  Stalker  
  40  4:56  Stalker x2  
  46  5:02  Probe  
  47  5:09  Pylon  
  47  5:14  Probe  
  48  5:15  Stalker  
  50  5:30  Stalker x2  
  46  5:50  Stalker x2  
  46  5:51  Stalker  
  42  6:21  Zealot x5  
  44  6:44  Stalker x3  
  34  7:09  Stalker x2  
  34  7:10  Stalker  
  34  7:11  Stalker  
  40  7:34  Stalker x2  
  40  7:36  Zealot  
  46  7:39  Zealot  
Show
View Real Time Build Order
Export as new Build Order

SticklerMac Terran - Winner!

Build Orders:  

Get SALT Encoding   

  12  0:01  SCV  
  13  0:13  SCV  
  14  0:23  Supply Depot  
  14  0:25  SCV  
  15  0:45  SCV, Barracks  
  16  0:56  Barracks  
  16  0:57  SCV  
  17  1:07  Barracks  
  17  1:09  SCV  
  18  1:23  SCV  
  18  1:24  Barracks  
  19  1:35  SCV  
  19  1:37  Supply Depot  
  20  1:42  Marine  
  21  1:47  Marine  
  21  1:54  Marine  
  22  2:00  Barracks, Marine  
  24  2:05  Marine  
  25  2:10  Marine  
  25  2:12  Marine  
  27  2:20  Marine  
  28  2:23  Marine  
  29  2:31  Barracks  
  29  2:33  Marine  
  29  2:35  Marine  
  31  2:58  Supply Depot  
  31  3:00  Marine x2  
  31  3:04  Marine  
  31  3:19  Marine x4  
  31  3:22  Bunker, Marine  
  31  3:24  Marine  
  36  3:36  Bunker  
  36  3:37  Marine x2  
  36  3:41  Marine  
  39  3:54  Supply Depot  
  39  4:15  Marine x3  
  39  4:30  Marine x3  
  42  4:33  Marine x3  
  42  4:35  Supply Depot  
  45  4:48  Marine x2  
  47  4:55  Supply Depot  
  47  4:57  Marine x4  
  51  5:03  Supply Depot  
  51  5:07  Orbital Command  
  51  5:09  Marine x2  
  53  5:15  Marine x2  
  53  5:20  Bunker  
  55  5:34  Supply Depot, Marine x2  
  55  5:35  Marine  
  58  5:49  Marine x2  
  59  5:50  Marine  
  59  5:52  Marine  
  62  6:04  Marine x2  
  61  6:07  Marine x3  
  66  6:16  Marine  
  59  6:21  Marine  
  59  6:22  Marine  
  59  6:25  Marine x3  
  51  6:35  Marine  
  51  6:39  Supply Depot, Marine  
  53  7:44  Bunker  
Tags
 
Add a new tag
Caveats
  • Supply blocks, unpowered buildings, or Contaminate may cause inaccurate times.
  • Supply counts are checked every 10 seconds.